 Dungeon Crawl Stone Soup version 0.21-a0-193-g085b6a0 (webtiles) character file.

65 MackTheKnife the Ruffian (level 3, -1/31 HPs)
             Began as a Draconian Fighter on Aug 14, 2017.
             Was an Initiate of Cheibriados.
             Slain by p0werm0de's ghost (9 damage)
             ... on level 3 of the Dungeon.
             The game lasted 00:02:08 (2123 turns).

MackTheKnife the Ruffian (Draconian Fighter)        Turns: 2123, Time: 00:02:08

Health: -1/31      AC:  5    Str: 25    XL:     3   Next: 92%
Magic:  3/3        EV:  8    Int: 10    God:    Cheibriados [......]
Gold:   163        SH: 14    Dex: 11    Spells: 2/2 levels left

rFire    . . .     SeeInvis .     - Unarmed
rCold    . . .     Gourm    .   g - +0 large shield
rNeg     . . .     Faith    .   (armour unavailable)
rPois    .         Spirit   .   (helmet restricted)
rElec    .         Reflect  .   (no cloak)
rCorr    .         Harm     .   (no gloves)
MR       +....                  (no boots)
Stlth    +.........             (no amulet)
HPRegen  0.10/turn              i - +6 ring of strength
MPRegen  0.08/turn              f - ring of protection from magic {MR+, !d}

@: very slow
A: unfitting armour, cold-blooded, AC +5
a: Bend Time, Renounce Religion


You were on level 3 of the Dungeon.
You worshipped Cheibriados.
Cheibriados was noncommittal.
You were very hungry.

You visited 1 branch of the dungeon, and saw 3 of its levels.

You collected 163 gold pieces.

Inventory:

Armour
 a - a +0 shield
 g - a +0 large shield (worn)
   (You found it on level 1 of the Dungeon)
Jewellery
 f - a ring of protection from magic (right hand) {MR+, !d}
   (You found it on level 1 of the Dungeon)
 i - a +6 ring of strength (left hand)
   (You found it on level 2 of the Dungeon)
Scrolls
 d - 3 scrolls of remove curse
 e - a scroll of identify
 k - a scroll of teleportation
 l - a scroll of magic mapping {unknown}
Potions
 b - a potion of might
 h - a potion of flight
 n - a potion of haste {unknown}
 o - 2 potions of lignification {unknown}
Comestibles
 c - 2 bread rations {@e1}
 j - a meat ration {@e2}
 m - a royal jelly


   Skills:
 - Level 3.2 Fighting
 - Level 2.6 Dodging
 + Level 3.5 Shields
 + Level 3.8 Unarmed Combat


You had 2 spell levels left.
You didn't know any spells.

Dungeon Overview and Level Annotations

Branches:
Dungeon (3/15)

Altars:
Cheibriados

Annotations:
D:3 p0werm0de's ghost, amateur DsAE


Innate Abilities, Weirdness & Mutations

Your plain brown scales are hard. (AC +5)
You cannot fit into any form of body armour.
You are cold-blooded and may be slowed by cold attacks.


Message History

The adder bites you but does no damage.
You barely miss the adder. You tail-slap the adder. The adder bites you.
You are poisoned.
The adder poisons you!
You take 3 damage, and have 28/31 hp.
You closely miss the adder.
Your tail-slap misses the adder.
You feel sick. You block the adder's attack.
You take 1 damage, and have 27/31 hp.
You hit the adder. You block the adder's attack. x2
You closely miss the adder. The adder bites you.
You take 1 damage, and have 26/31 hp.
You hit the adder.
You kill the adder!
You feel sick.
You take 1 damage, and have 25/31 hp.
No target in view!
Search for what [Enter for "large", or ? for help]? chei A frilled lizard comes into view.
The frilled lizard moves out of view.
You start resting.
You feel sick.
You take 1 damage, and have 25/31 hp.
(D) Dungeon
Where to? (Enter - D:3 @ (x,y), ? - help)
A frilled lizard is nearby!
You are feeling hungry.
You miss the frilled lizard.
Your tail-slap misses the frilled lizard.
You feel sick. You block the frilled lizard's attack.
You take 1 damage, and have 24/31 hp.
You closely miss the frilled lizard.
The frilled lizard unfolds its giant frill.
The frilled lizard bites you but does no damage.
You miss the frilled lizard.
The frilled lizard bites you but does no damage.
You hit the frilled lizard.
You kill the frilled lizard!
You feel sick.
You are no longer poisoned.
You take 1 damage, and have 23/31 hp.
No target in view!
You start resting.
Health restored: 31
(D) Dungeon
Where to? (Enter - D:3 @ (x,y), ? - help)
There is a snail-covered altar of Cheibriados here.
You kneel at the altar of Cheibriados.
Cheibriados welcomes you!
Cheibriados begins to support your attributes as your movement slows.
You can now bend time to slow others.
(D) Dungeon
Where to? (Enter - D:3 @ (x,y), ? - help)
What level of the Dungeon? (default 1, ? - help) As you open the door, it creaks loudly!
There is an open door here.
There is an open door here.
You see here a ring mail.
There is a stone staircase leading up here.
You climb upwards.
There is a stone staircase leading down here.
You see here 17 sling bullets.
You are feeling very hungry.
Done exploring.
Done exploring.
(D) Dungeon
Where to? (Enter - D:1, ? - help)
What level of the Dungeon? (default 1, ? - help)
You see here 17 sling bullets.
There is a stone staircase leading down here.
You climb downwards.
There is a stone staircase leading up here.
P0werm0de's ghost (amateur Demonspawn Air Elementalist) comes into view.
P0werm0de's ghost turns its malevolent gaze towards you.
P0werm0de's ghost takes a fighting stance.
P0werm0de's ghost casts a spell at you. The zap misses you.
There is an open door here.
P0werm0de's ghost hits you!
You take 10 damage, and have 21/31 hp.
MASSIVE DAMAGE!!
You barely miss p0werm0de's ghost.
P0werm0de's ghost hits you but does no damage.
You closely miss p0werm0de's ghost. P0werm0de's ghost hits you!
You take 9 damage, and have 12/31 hp.
MASSIVE DAMAGE!!
You are too injured to fight recklessly!
You are too injured to fight recklessly!
Unknown command.
You are too injured to fight recklessly!
You are too injured to fight recklessly!
You are too injured to fight recklessly!
Unknown command.
You closely miss p0werm0de's ghost.
You tail-slap p0werm0de's ghost, but do no damage.
You block p0werm0de's ghost's attack.
You closely miss p0werm0de's ghost. You tail-slap p0werm0de's ghost.
P0werm0de's ghost hits you.
* * * LOW HITPOINT WARNING * * *
You take 5 damage, and have 8/31 hp.
You punch p0werm0de's ghost! P0werm0de's ghost hits you!
You die...

######.#######
.............#
##.....###.#######
##...## #......<# ##.##
#######.# #.# #.# #.# #.#
##'## #.# ##@..## ##.##
##W..).## ##...#
##.......## ##..[.#
.####..)......####.....##
....'..)......'..........
.####.........###........
##.......## #........
##.....## ####.....
##...## #....#


You could see p0werm0de's ghost.

Vanquished Creatures
  An adder (D:3)
  3 worms
  A dart slug (D:2)
  2 ball pythons (D:2)
  7 bats
  A giant cockroach (D:1)
  2 goblins
  4 hobgoblins
  4 jackals (D:2)
  6 kobolds
  A quokka (D:2)
  8 frilled lizards
  8 rats
48 creatures vanquished.

Notes
Turn   | Place    | Note
-------+----------+-------------------------------------------
     0 | D:1      | MackTheKnife the Draconian Fighter began the quest for the Orb.
     0 | D:1      | Reached XP level 1. HP: 19/19 MP: 1/1
   189 | D:1      | Reached XP level 2. HP: 19/26 MP: 2/2
   613 | D:1      | Reached skill level 3 in Unarmed Combat
  1132 | D:2      | Reached XP level 3. HP: 28/31 MP: 3/3
  1613 | D:3      | Found a snail-covered altar of Cheibriados.
  2042 | D:3      | Became a worshipper of Cheibriados the Contemplative
  2116 | D:3      | Noticed p0werm0de's ghost (amateur DsAE)
  2123 | D:3      | Slain by p0werm0de's ghost

Vault maps used:
D:1:      onia_arrival_pentagram
D:2:      first_bread
D:3:      cheibriados_altar_1

Skill      XL: |  1  2 |
---------------+-------+-----
Unarmed Combat | 3 |  3.8
Fighting       | |  3.2
Dodging        | |  2.6
Shields        | |  3.5

Action                   || total
-------------------------++-------
Melee: Unarmed           ||   194
       Tailslap          ||    24
  Use: Scroll            ||     6
 Stab: Sleeping          ||     1
  Eat: Chunk             ||     3
Armor: Skin              ||    47
Dodge: Dodged            ||    42
Block: Shield            ||    18
       Large shield      ||    94

Vault maps used:
D:1:      onia_arrival_pentagram
D:2:      first_bread
D:3:      cheibriados_altar_1

Table legend:
 A = Turns spent in this place as a percentage of turns spent in the entire game.
 B = Non-inter-level travel turns spent in this place as a percentage of non-inter-level travel turns spent in the entire game.
 C = Inter-level travel turns spent in this place as a percentage of turns spent in this place.
 D = Turns resting spent in this place as a percentage of non-inter-level travel turns spent in this place.
 E = Turns spent auto-exploring this place as a percentage of non-inter-level travel turns spent in this place.
 F = Non-inter-level travel turns spent in this place divided by the number of levels of this place that you've seen.
                   A       B       C       D       E      F
               +-------+-------+-------+-------+-------+----------------------
         Total | 100.0 | 100.0 |   1.1 |   1.5 |  12.5 | 215.7
       Dungeon | 100.0 | 100.0 |   1.1 |   1.5 |  12.5 | 215.7
               +-------+-------+-------+-------+-------+----------------------

Table legend:
 A = Kills in this place as a percentage of kills in entire the game.
 B = Kills by you in this place as a percentage of kills by you in the entire game.
 C = Kills by friends in this place as a percentage of kills by friends in the entire game.
 D = Other kills in this place as a percentage of other kills in the entire game.
 E = Experience gained in this place as a percentage of experience gained in the entire game.
 F = Experience gained in this place divided by the number of levels of this place that you have seen.
                   A       B       C       D       E      F
               +-------+-------+-------+-------+-------+----------------------
         Total | 100.0 | 100.0 |  -nan |  -nan | 100.0 |  31.0
       Dungeon | 100.0 | 100.0 |  -nan |  -nan | 100.0 |  31.0
               +-------+-------+-------+-------+-------+----------------------
